 Dungeon Crawl Stone Soup version 0.29-a0-200-gc7997b95f3 (webtiles) character file.

Game seed: 1162000385884198881

2810 Satinysquid the Fighter (level 9, -8/82 HPs)
             Began as a Minotaur Fighter on Feb 22, 2022.
             Was a Follower of Trog.
             Mangled by a two-headed ogre
             ... wielding a +0 giant spiked club
              (15 damage)
             ... on level 8 of the Dungeon on Feb 23, 2022.
             The game lasted 02:13:24 (8902 turns).

Satinysquid the Fighter (Minotaur Fighter)          Turns: 8902, Time: 02:13:24

Health: -8/82      AC: 19    Str: 23    XL:     9   Next: 44%
Magic:  8/8        EV:  5    Int:  5    God:    Trog [*.....]
Gold:   410        SH:  9    Dex: 12    Spells: 8/8 levels left

rFire   . . .      SeeInvis .   a - +0 trident (vamp)
rCold   . . .      Faith    .   x - +0 kite shield
rNeg    + . .      Spirit   .   r - +0 plate armour
rPois   .          Reflect  .   (helmet restricted)
rElec   .          Harm     .   u - scarf {repulsion}
rCorr   .          Rampage  .   (no gloves)
Will    ++...                   s - +0 pair of boots
Stlth   ..........              (no amulet)
HPRegen 1.23/turn               g - ring of positive energy
MPRegen 0.11/turn               j - +4 ring of protection

@: strong-willed, on berserk cooldown, regenerating, slowed, repel missiles,
very slow
A: horns 2, retaliatory headbutt
a: Renounce Religion, Berserk


You were on level 8 of the Dungeon.
You worshipped Trog.
Trog was aware of your devotion.
You visited 2 branches of the dungeon, and saw 9 of its levels.

You collected 455 gold pieces.
You spent 45 gold pieces at shops.

Inventory:

Hand Weapons
 a - a +0 vampiric trident (weapon)
Missiles
 f - 275 stones
 h - 4 boomerangs
 t - 2 poisoned darts
Armour
 c - a +0 buckler
 r - a +0 plate armour (worn)
 s - a +0 pair of boots (worn)
 u - a scarf of repulsion (worn)
 x - a +0 kite shield (worn)
Jewellery
 g - a ring of positive energy (left hand)
 j - a +4 ring of protection (right hand)
 w - a +4 ring of protection
Wands
 q - a wand of iceblast (10)
Scrolls
 b - 2 scrolls of amnesia
 l - a scroll of magic mapping
 o - a scroll of teleportation
Potions
 d - a potion of might
 e - 2 potions of brilliance
 i - a potion of heal wounds
 k - a potion of haste {unknown}
 m - 4 potions of flight
 n - 2 potions of ambrosia {unknown}
 p - 2 potions of lignification
 v - a potion of cancellation {unknown}


   Skills:
 + Level 8.4 Fighting
 + Level 7.9 Polearms
 + Level 6.0 Throwing
 + Level 8.4 Armour
 + Level 5.7 Shields


You had 8 spell levels left.
You didn't know any spells.
Your spell library was empty.

Dungeon Overview and Level Annotations

Branches:
Dungeon (8/15)             Temple (1/1) D:4
   Lair: D:8-11

Altars:
Ashenzari
Cheibriados
Dithmenos
Elyvilon
Fedhas
Gozag
Kikubaaqudgha
Makhleb
Nemelex Xobeh
Okawaru
Qazlal
Ru
Sif Muna
Trog
Uskayaw
Wu Jian
Yredelemnul
Zin
The Shining One

Shops:
D:2 =   D:3 *   D:4 [   D:7 [


Innate Abilities, Weirdness & Mutations

You have a pair of horns on your head.
You reflexively headbutt those who attack you in melee.


Message History

You are too injured to fight recklessly!
You are too injured to fight recklessly!
You are too injured to fight recklessly!
You are too injured to fight recklessly!
You are too injured to fight recklessly!
You are too injured to fight recklessly!
You are too injured to fight recklessly!
You are too injured to fight recklessly!
Activating: Berserk (3% risk of failure)
Press: ? - help, Q - select action, (/) - cycle Dir - look around, f - activate A red film seems to cover your vision as you go berserk!
You feel yourself moving faster!
You feel mighty!
The two-headed ogre hits you with a +0 giant spiked club!!
* * * LOW HITPOINT WARNING * * *
The two-headed ogre hits you but does no damage.
You barely miss the two-headed ogre.
The two-headed ogre is moderately wounded.
The two-headed ogre hits you with a +0 giant spiked club!!
* * * LOW HITPOINT WARNING * * *
The two-headed ogre hits you with a +0 giant club!
* * * LOW HITPOINT WARNING * * *
You are too berserk!
You are too berserk!
You are too berserk!
You are too berserk!
You are too berserk!
You feel a strong urge to attack something.
You feel your anger nearly subside.
You are no longer berserk.
You are exhausted.
You feel yourself slow down.
You are too injured to fight recklessly!
Activating: Trog's Hand (7% risk of failure)
Press: ? - help, Q - select action, (/) - cycle Dir - look around, f - activate Your skin crawls.
You feel strong-willed.
You can no longer call upon Trog for regeneration and willpower.
The two-headed ogre hits you but does no damage.
The two-headed ogre hits you with a +0 giant club!
You die...

#.# ########## #.# .......^.# #.#
########.# #.# .......#.# #.# ##$
######.#.# ##### #.# ... # #.#.#
##...#######.###.##. #### #.#.#
##..@O...............
...###.#.####.......#####.....##.
......................<..........
####................#############
######.#.#####.....## .......#.#
##...## .........# #####
##########


You could see a two-headed ogre.

Vanquished Creatures
  A two-headed ogre (D:7)
  Sigmund (D:6)
  Eustachio (D:6)
  3 water moccasins
  A black bear (D:7)
  An ice beast (D:6)
  A necrophage (D:5)
  2 ogres (D:6)
  2 phantoms
  A kobold brigand (D:8)
  2 scorpions
  A water moccasin skeleton (D:5)
  3 hounds
  5 orc priests
  A bullfrog skeleton (D:5)
  A jelly (D:5)
  A gnoll shaman (D:6)
  4 iguanas (D:5)
  5 orc wizards
  5 gnolls
  A howler monkey skeleton (D:6)
  7 adders
  A shadow imp (D:5)
  A white imp (D:7)
  3 worms
  2 dart slugs (D:3)
  26 orcs
  4 endoplasms
  7 giant cockroaches
  6 goblins
  4 hobgoblins
  9 jackals
  18 kobolds
  A quokka (D:2)
  7 ball pythons
  4 bats
  4 frilled lizards
  4 rats
151 creatures vanquished.

Vanquished Creatures (others)
  44 plants (D:6)
44 creatures vanquished.

Grand Total: 195 creatures vanquished

Notes
Turn   | Place    | Note
-------+----------+-------------------------------------------
     0 | D:1      | Satinysquid the Minotaur Fighter began the quest for the
                  | Orb.
     0 | D:1      | Reached XP level 1. HP: 19/19 MP: 0/0
   253 | D:1      | Reached XP level 2. HP: 27/27 MP: 1/1
   579 | D:1      | Reached XP level 3. HP: 33/33 MP: 2/2
  1085 | D:2      | Identified the +1 halberd of Amorous Exoneration {freeze,
                  | Int+2 Stlth+}
  1355 | D:2      | Found Bonahure's Jewellery Boutique.
  1573 | D:2      | Reached skill level 1 in Throwing
  1579 | D:2      | Upgraded the game from 0.29-a0-193-ga21e45360d to
                  | 0.29-a0-200-gc7997b95f3
  1765 | D:3      | Reached XP level 4. HP: 41/41 MP: 3/3
  1868 | D:3      | Found a faded altar of an unknown god.
  2118 | D:3      | Reached XP level 5. HP: 47/47 MP: 4/4
  2127 | D:3      | Found an iron altar of Okawaru.
  2565 | D:3      | Found Paantaen's General Store.
  3406 | D:4      | Found Qoyfutex's Armour Boutique.
  3437 | D:4      | Bought a +0 helmet for 45 gold pieces
  3488 | D:4      | Reached skill level 5 in Fighting
  3488 | D:4      | Reached skill level 5 in Armour
  3547 | D:4      | Found a staircase to the Ecumenical Temple.
  3567 | Temple   | Entered the Ecumenical Temple
  3640 | Temple   | Became a worshipper of Trog the Wrathful
  3881 | D:4      | Found a shimmering blue altar of Sif Muna.
  4531 | D:5      | Entered Level 5 of the Dungeon
  4556 | D:5      | Reached XP level 6. HP: 56/56 MP: 5/5
  4897 | D:5      | Found a hide-covered altar of Uskayaw.
  5066 | D:5      | Found a basalt altar of Yredelemnul.
  5096 | D:5      | Reached skill level 5 in Polearms
  5096 | D:5      | Reached XP level 7. HP: 61/62 MP: 6/6
  5557 | D:6      | Reached * piety under Trog
  5568 | D:6      | Noticed Sigmund
  5624 | D:6      | Killed Sigmund
  5821 | D:6      | Noticed Eustachio
  5828 | D:6      | Killed Eustachio
  5829 | D:6      | Reached XP level 8. HP: 70/71 MP: 7/7
  6497 | D:6      | Reached skill level 5 in Throwing
  7283 | D:7      | Found Tich's Armour Shop.
  7298 | D:7      | Noticed a two-headed ogre
  7320 | D:7      | Killed a two-headed ogre
  7321 | D:7      | Reached skill level 5 in Shields
  7321 | D:7      | Reached XP level 9. HP: 81/81 MP: 8/8
  7605 | D:7      | Found a broken altar of Ashenzari.
  7823 | D:7      | Found a glowing silver altar of Zin.
  8583 | D:8      | Reached ** piety under Trog
  8879 | D:8      | Noticed a two-headed ogre
  8894 | D:8      | HP: 1/123 [two-headed ogre/+0 giant spiked club (10)]
  8902 | D:8      | Mangled by a two-headed ogre

Illustrated notes

Levels and vault maps discovered:
D:1:      zaba_arrival_water, layout_loops_corners
D:2:      layout_rooms, serial_shops, nicolae_lakefront_shop
D:3:      layout_basic, okawaru_altar_gauntlet_db, serial_shops,
          nicolae_shop_trees, nicolae_ecumenical_oubliette
D:4:      layout_loops_ring, nicolae_sif_muna_little_library,
          minmay_temple_entry_antechambers, serial_shops, shop
D:5:      layout_rooms, jmf_multi_god_temple, grunt_ministairs_11,
          chequers_serial_rivers_room_b
D:6:      layout_cave_pools, serial_bayou_lagoon_a, uniq_eustachio, uniq_sigmund
D:7:      layout_basic, mainiacjoe_overflow_six_doors_small, kennysheep_mini,
          serial_shops, nicolae_inconvenience_store, minmay_misc_feat_doors
D:8:      layout_loops_ring, nicolae_hepliaklqana_hazy_memory,
          amcnicky_altar_gilded, minmay_puff
Temple:   nicolae_temple_god_jail

Skill      XL: |  1  2  3  4  5  6  7  8  9 |
---------------+----------------------------+-----
Armour         | 4 5 6 8 |  8.4
Shields        | 4 5 |  5.7
Fighting       | 4 5 6 8 |  8.4
Polearms       | 3 4 5 6 7 |  7.9
Throwing       | 1 2 3 4 5 6 |  6.0

Action                   |  1- 3 |  4- 6 |  7- 9 || total
-------------------------+-------+-------+-------++-------
Melee: Trident           |    70 |   108 |   217 ||   395
       Headbutt          |     8 |    20 |    40 ||    68
Throw: Boomerang         |    58 |    39 |    61 ||   158
       Stone             |    19 |       |       ||    19
Invok: Berserk           |       |       |     2 ||     2
       Trog's Hand       |       |       |     1 ||     1
  Use: Scroll            |     8 |     4 |     7 ||    19
       Potion            |       |       |     3 ||     3
Armor: Scale mail        |    29 |       |       ||    29
       Chain mail        |       |    26 |       ||    26
       Plate armour      |       |    27 |   146 ||   173
Dodge: Dodged            |    36 |    28 |    35 ||    99
Block: Buckler           |    11 |    21 |    18 ||    50
       Kite shield       |       |       |    24 ||    24

Table legend: (Time is in decaauts)
 A = Elapsed time spent in this place.
 B = Non-inter-level travel time spent in this place.
 C = Inter-level travel time spent in this place.
 D = Time resting spent in this place.
 E = Time spent auto-exploring this place.
 F = Levels seen in this place.
 G = Mean time per level.
                   A        B        C        D        E       F      G
               +--------+--------+--------+--------+--------+-----+--------+
         Total |   9027 |   8595 |    432 |   1028 |   1964 |   9 | 1003.0 |
       Dungeon |   8932 |   8500 |    432 |   1028 |   1964 |   8 | 1116.5 |
        Temple |     94 |     94 |      0 |      0 |      0 |   1 |   94.0 |
               +--------+--------+--------+--------+--------+-----+--------+

Top non-repeatable levels by time:
     D:3: 1752 daAuts
     D:7: 1555 daAuts
     D:6: 1451 daAuts
     D:5: 1060 daAuts
     D:4: 1036 daAuts
     D:1: 1013 daAuts
     D:2: 691 daAuts
     D:8: 372 daAuts
  Temple: 94 daAuts
